cohdb
Replays
Latest Replays
All Replays
Popular Replays
Top Player Replays
Match Explorer
How It Works
Community
CoH3 Stats
Reddit
Sign in to upload your games and track your stats! →
Sign in with Steam
Match 41982232
Unlisted
Match 41982232
Overview
Messages
Build Orders
End
Construct Section Command Post
Selects Canadian Shock Battlegroup
Infantry Section
Infantry Section
Infantry Section
Selects Attacking Spirit
Selects Canadian Shock Section
Canadian Shock Section
Construct Platoon Command Post
Construct Field Infirmary
Selects Incendiary Munitions
Unlock Bishop Self-propelled Artillery
Infantry Training
Grenade Package
Bishop Self-propelled Artillery
6-pounder Anti-tank Gun Team
Light Vehicle Training
Bishop Self-propelled Artillery
Dullahan
Whiskey Tango Garden
0
0
Comments
sign in to comment!
No comments posted yet!